| TOP OF THE 1ST |
|
Canton Indians batting - Pitching for Windy City ThunderBolts : RHP J.J. Donovan
|
|
Pitching: RHP J.J. Donovan
|
|
|
Batting: RHB Nick Rainey
|
0-0: Ball 1-0: Called Strike 1-1: Called Strike 1-2: Strikes out looking
|
|
Batting: RHB Oscar Hernandez
|
0-0: Ball 1-0: Swinging Strike 1-1: Called Strike 1-2: Strikes out swinging
|
|
Batting: SHB Bob Ledlow
|
0-0: Foul Ball, location: 2F 0-1: Ball 1-1: Ball 2-1: Fly out, F5 (Popup, 5SF, EV 70.0 MPH)
|
| Top of the 1st over - 0 runs, 0 hits, 0 errors, 0 left on base; Canton 0 - Windy City 0 |
| BOTTOM OF THE 1ST |
|
Windy City ThunderBolts batting - Pitching for Canton Indians : RHP Raul Rogel
|
|
Pitching: RHP Raul Rogel
|
|
|
Batting: SHB Dan Strickland
|
0-0: Ball 1-0: Ball 2-0: Called Strike 2-1: Ball 3-1: Base on Balls
|
|
Batting: RHB Paul Holland
|
0-0: Called Strike 0-1: Ball 1-1: Ball 2-1: Ball 3-1: SINGLE (Line Drive, 4MD, EV 97.5 MPH) Dan Strickland to second
|
|
Batting: RHB Eddie Dimas
|
0-0: Ball 1-0: Fly out, F9 (Flyball, 9, EV 91.2 MPH)
|
|
Batting: RHB Joe Thomas
|
0-0: Called Strike 0-1: Called Strike 0-2: Ball 1-2: Foul Ball, location: 2F 1-2: Ball 2-2: Strikes out swinging
|
|
Batting: RHB Donovan Deason
|
0-0: Ground out 3-1 (Groundball, 34, EV 102.5 MPH)
|
| Bottom of the 1st over - 0 runs, 1 hit, 0 errors, 2 left on base; Canton 0 - Windy City 0 |
| TOP OF THE 2ND |
|
Canton Indians batting - Pitching for Windy City ThunderBolts : RHP J.J. Donovan
|
|
Batting: LHB Mark Harris
|
0-0: Ball 1-0: Ball 2-0: Called Strike 2-1: Swinging Strike 2-2: Ball 3-2: Foul Ball, location: 2F 3-2: Foul Ball, location: 2F 3-2: Foul Ball, location: 2F 3-2: Strikes out looking
|
|
Batting: RHB David Haas
|
0-0: Swinging Strike 0-1: Ball 1-1: Foul Ball, location: 2F 1-2: Foul Ball, location: 2F 1-2: Ball 2-2: Ball 3-2: Strikes out swinging
|
|
Batting: RHB Ryan Paquette
|
0-0: Ball 1-0: Called Strike 1-1: Fly out, F9 (Flyball, 9S, EV 87.5 MPH)
|
| Top of the 2nd over - 0 runs, 0 hits, 0 errors, 0 left on base; Canton 0 - Windy City 0 |
| BOTTOM OF THE 2ND |
|
Windy City ThunderBolts batting - Pitching for Canton Indians : RHP Raul Rogel
|
|
Batting: RHB Klaus Brown
|
0-0: Ball 1-0: Ball 2-0: Called Strike 2-1: Foul Ball, location: 2F 2-2: Fly out, F6 (Popup, 6, EV 53.1 MPH)
|
|
Batting: RHB Bellchior Osuna
|
0-0: Foul Ball, location: 2F 0-1: Foul Ball, location: 2F 0-2: Strikes out looking
|
|
Batting: RHB Nhat Phong
|
0-0: Ball 1-0: Ball 2-0: Swinging Strike 2-1: Foul Ball, location: 2F 2-2: Strikes out swinging
|
| Bottom of the 2nd over - 0 runs, 0 hits, 0 errors, 0 left on base; Canton 0 - Windy City 0 |
| TOP OF THE 3RD |
|
Canton Indians batting - Pitching for Windy City ThunderBolts : RHP J.J. Donovan
|
|
Batting: RHB Willie Toral
|
0-0: Ball 1-0: DOUBLE (Flyball, 78D, EV 113.1 MPH)
|
|
Batting: RHB Jesus Sanchez
|
0-0: Ground out 2-3 (Groundball, 13S, EV 66.2 MPH) Willie Toral to third
|
|
Batting: SHB Jose Abreu
|
0-0: Called Strike 0-1: Ball 1-1: Called Strike 1-2: Strikes out looking
|
|
Batting: RHB Nick Rainey
|
0-0: Ball Wild Pitch! Willie Toral scores 1-0: Ball 2-0: Swinging Strike 2-1: Swinging Strike 2-2: Foul Ball, location: 2F 2-2: Foul Ball, location: 2F 2-2: Foul Ball, location: 2F 2-2: Strikes out swinging
|
| Top of the 3rd over - 1 run, 1 hit, 0 errors, 0 left on base; Canton 1 - Windy City 0 |
| BOTTOM OF THE 3RD |
|
Windy City ThunderBolts batting - Pitching for Canton Indians : RHP Raul Rogel
|
|
Batting: RHB Sim Damit
|
0-0: Swinging Strike 0-1: Ball 1-1: Ball 2-1: Called Strike 2-2: Strikes out looking
|
|
Batting: SHB Dan Strickland
|
0-0: Swinging Strike 0-1: Swinging Strike 0-2: Ball 1-2: Ball 2-2: Strikes out swinging
|
|
Batting: RHB Paul Holland
|
0-0: Foul Ball, location: 2F 0-1: Swinging Strike 0-2: Foul Ball, location: 2F 0-2: Ball 1-2: Foul Ball, location: 2F 1-2: Ball 2-2: Ball 3-2: Ground out 6-3 (Groundball, 6M, EV 88.8 MPH)
|
| Bottom of the 3rd over - 0 runs, 0 hits, 0 errors, 0 left on base; Canton 1 - Windy City 0 |
| TOP OF THE 4TH |
|
Canton Indians batting - Pitching for Windy City ThunderBolts : RHP J.J. Donovan
|
|
Batting: RHB Oscar Hernandez
|
0-0: Called Strike 0-1: Foul Ball, location: 2F 0-2: Foul Ball, location: 2F 0-2: Ball 1-2: Foul Ball, location: 2F 1-2: Ball 2-2: Foul Ball, location: 2F 2-2: Strikes out swinging
|
|
Batting: SHB Bob Ledlow
|
0-0: Foul Ball, location: 2F 0-1: Swinging Strike 0-2: Strikes out swinging
|
|
Batting: LHB Mark Harris
|
0-0: Ball 1-0: Called Strike 1-1: Called Strike 1-2: Ball 2-2: Strikes out swinging
|
| Top of the 4th over - 0 runs, 0 hits, 0 errors, 0 left on base; Canton 1 - Windy City 0 |
| BOTTOM OF THE 4TH |
|
Windy City ThunderBolts batting - Pitching for Canton Indians : RHP Raul Rogel
|
|
Batting: RHB Eddie Dimas
|
0-0: Foul Ball, location: 2F 0-1: Ball 1-1: Swinging Strike 1-2: Foul Ball, location: 2F 1-2: Ball 2-2: Strikes out looking
|
|
Batting: RHB Joe Thomas
|
0-0: Called Strike 0-1: Ball 1-1: Swinging Strike 1-2: Strikes out swinging
|
|
Batting: RHB Donovan Deason
|
0-0: Ball 1-0: Ball 2-0: Called Strike 2-1: Foul Ball, location: 2F 2-2: Strikes out swinging
|
| Bottom of the 4th over - 0 runs, 0 hits, 0 errors, 0 left on base; Canton 1 - Windy City 0 |
| TOP OF THE 5TH |
|
Canton Indians batting - Pitching for Windy City ThunderBolts : RHP J.J. Donovan
|
|
Batting: RHB David Haas
|
0-0: Called Strike 0-1: Ground out 4-3 (Groundball, 4M, EV 96.2 MPH)
|
|
Batting: RHB Ryan Paquette
|
0-0: Ground out 4-3 (Groundball, 4M, EV 83.8 MPH)
|
|
Batting: RHB Willie Toral
|
0-0: SINGLE (Line Drive, 9S, EV 103.8 MPH)
|
|
Batting: RHB Jesus Sanchez
|
0-0: Ball Willie Toral steals 2nd base 1-0: Ball 2-0: Ball 3-0: Called Strike 3-1: Base on Balls
|
|
Batting: SHB Jose Abreu
|
0-0: Ball 1-0: Called Strike 1-1: Foul Ball, location: 2F 1-2: Ball 2-2: Foul Ball, location: 2F 2-2: Ball 3-2: Foul Ball, location: 2F 3-2: Strikes out swinging
|
| Top of the 5th over - 0 runs, 1 hit, 0 errors, 2 left on base; Canton 1 - Windy City 0 |
| BOTTOM OF THE 5TH |
|
Windy City ThunderBolts batting - Pitching for Canton Indians : RHP Raul Rogel
|
|
Batting: RHB Klaus Brown
|
0-0: Called Strike 0-1: Foul Ball, location: 2F 0-2: Foul Ball, location: 2F 0-2: Foul Ball, location: 2F 0-2: Ball 1-2: Hit by Pitch
|
|
Batting: RHB Bellchior Osuna
|
0-0: Ball 1-0: Foul Ball, location: 2F 1-1: Called Strike 1-2: Ball 2-2: Ball 3-2: Strikes out swinging
|
|
Batting: RHB Nhat Phong
|
0-0: Called Strike 0-1: Ball 1-1: Fielders Choice at 2nd, 3-6 (Groundball, 34S, EV 85.0 MPH)
|
|
Pitching: RHP Sam Belcher
|
|
|
Batting: RHB Sim Damit
|
0-0: Called Strike 0-1: Called Strike 0-2: Foul Ball, location: 2F 0-2: Strikes out swinging
|
| Bottom of the 5th over - 0 runs, 0 hits, 0 errors, 1 left on base; Canton 1 - Windy City 0 |
| TOP OF THE 6TH |
|
Canton Indians batting - Pitching for Windy City ThunderBolts : RHP J.J. Donovan
|
|
Batting: RHB Nick Rainey
|
0-0: Called Strike 0-1: Fly out, F7 (Flyball, 7LM, EV 95.0 MPH)
|
|
Batting: RHB Oscar Hernandez
|
0-0: Swinging Strike 0-1: Ball 1-1: Ball 2-1: Swinging Strike 2-2: Strikes out swinging
|
|
Batting: SHB Bob Ledlow
|
0-0: Swinging Strike 0-1: Ball 1-1: Ball 2-1: Ball 3-1: Foul Ball, location: 2F 3-2: Foul Ball, location: 2F 3-2: Strikes out swinging
|
| Top of the 6th over - 0 runs, 0 hits, 0 errors, 0 left on base; Canton 1 - Windy City 0 |
| BOTTOM OF THE 6TH |
|
Windy City ThunderBolts batting - Pitching for Canton Indians : RHP Sam Belcher
|
|
Batting: SHB Dan Strickland
|
0-0: Ball 1-0: Called Strike 1-1: Foul Ball, location: 2F 1-2: Ball 2-2: Fly out, F8 (Flyball, 89M, EV 78.1 MPH)
|
|
Batting: RHB Paul Holland
|
0-0: Ball 1-0: Foul Ball, location: 2F 1-1: Ball 2-1: Foul Ball, location: 2F 2-2: Fly out, F8 (Flyball, 8LXD, EV 77.5 MPH)
|
|
Batting: RHB Eddie Dimas
|
0-0: Foul Ball, location: 2F 0-1: Ball 1-1: Ball 2-1: Foul Ball, location: 2F 2-2: Ball 3-2: Fly out, F8 (Line Drive, 89M, EV 84.4 MPH)
|
| Bottom of the 6th over - 0 runs, 0 hits, 0 errors, 0 left on base; Canton 1 - Windy City 0 |
| TOP OF THE 7TH |
|
Canton Indians batting - Pitching for Windy City ThunderBolts : RHP J.J. Donovan
|
|
Batting: LHB Mark Harris
|
0-0: Called Strike 0-1: Foul Ball, location: 2F 0-2: Ball 1-2: Foul Ball, location: 2F 1-2: SINGLE (Line Drive, 9S, EV 94.4 MPH)
|
|
Batting: RHB David Haas
|
0-0: Called Strike 0-1: Swinging Strike 0-2: Ball 1-2: Strikes out looking
|
|
Batting: RHB Ryan Paquette
|
0-0: Ball 1-0: Called Strike 1-1: Ball 2-1: Ball 3-1: Base on Balls Mark Harris to second
|
|
Pitching: RHP Jesse Kuhlman
|
|
|
Batting: RHB Willie Toral
|
0-0: SINGLE (Groundball, 4M, EV 98.1 MPH) (infield hit) Mark Harris to third Ryan Paquette to second
|
|
Batting: RHB Jesus Sanchez
|
0-0: Ball 1-0: Foul Ball, location: 2F 1-1: Swinging Strike 1-2: Strikes out swinging
|
|
Batting: SHB Jose Abreu
|
0-0: Foul Ball, location: 2F 0-1: Ball 1-1: Foul Ball, location: 2F 1-2: Ball 2-2: Foul Ball, location: 2F 2-2: Foul Ball, location: 2F 2-2: Foul Ball, location: 2F 2-2: Fly out, F8 (Flyball, 78D, EV 81.9 MPH)
|
| Top of the 7th over - 0 runs, 2 hits, 0 errors, 3 left on base; Canton 1 - Windy City 0 |
| BOTTOM OF THE 7TH |
|
Windy City ThunderBolts batting - Pitching for Canton Indians : RHP Sam Belcher
|
|
Batting: RHB Joe Thomas
|
0-0: Called Strike 0-1: Called Strike 0-2: Ball 1-2: Foul Ball, location: 2F 1-2: Foul Ball, location: 2F 1-2: Ball 2-2: Ball 3-2: Foul Ball, location: 2F 3-2: Strikes out looking
|
|
Batting: RHB Donovan Deason
|
0-0: Ball 1-0: Called Strike 1-1: Ball 2-1: Foul Ball, location: 2F 2-2: Ball 3-2: Foul Ball, location: 2F 3-2: Strikes out swinging
|
|
Batting: RHB Klaus Brown
|
0-0: Called Strike 0-1: Called Strike 0-2: Ball 1-2: Strikes out swinging
|
| Bottom of the 7th over - 0 runs, 0 hits, 0 errors, 0 left on base; Canton 1 - Windy City 0 |
| TOP OF THE 8TH |
|
Canton Indians batting - Pitching for Windy City ThunderBolts : RHP Jesse Kuhlman
|
|
Batting: RHB Nick Rainey
|
0-0: Ball 1-0: Foul Ball, location: 2F 1-1: Ball 2-1: Fly out, F6 (Popup, 6S, EV 73.8 MPH)
|
|
Batting: RHB Oscar Hernandez
|
0-0: Reached on error, E7 (Line Drive, 7, EV 90.0 MPH)
|
|
Batting: SHB Bob Ledlow
|
0-0: Ball 1-0: SINGLE (Line Drive, 7S, EV 94.4 MPH) Oscar Hernandez to second
|
|
Batting: LHB Mark Harris
|
0-0: Fly out, F8 (Flyball, 8LXD, EV 104.4 MPH) Runner from 2nd tags up, SAFE at 3rd, no throw by CF
|
|
Pinch Hitting: LHB Julio Zamora
|
0-0: Ball 1-0: Called Strike 1-1: Called Strike 1-2: Foul Ball, location: 2F 1-2: Foul Ball, location: 2F 1-2: Foul Ball, location: 2F 1-2: Ball 2-2: Ball 3-2: Fly out, F8 (Flyball, 8RD, EV 85.0 MPH)
|
| Top of the 8th over - 0 runs, 1 hit, 1 error, 2 left on base; Canton 1 - Windy City 0 |
| BOTTOM OF THE 8TH |
|
Windy City ThunderBolts batting - Pitching for Canton Indians : RHP Sam Belcher
|
|
Now at 1B: Jason Kessler
|
|
|
Now at 3B: Manuel de los Santos
|
|
|
Batting: RHB Bellchior Osuna
|
0-0: Swinging Strike 0-1: Ball 1-1: Swinging Strike 1-2: Ball 2-2: Strikes out swinging
|
|
Batting: RHB Nhat Phong
|
0-0: Ground out 6-3 (Groundball, 56, EV 84.4 MPH)
|
|
Batting: RHB Sim Damit
|
0-0: Ball 1-0: Swinging Strike 1-1: Ball 2-1: Ball 3-1: Base on Balls
|
|
Pitching: RHP Ryan Perkins
|
|
|
Batting: SHB Dan Strickland
|
0-0: Ball 1-0: Swinging Strike 1-1: Ball 2-1: Called Strike 2-2: Ball 3-2: Foul Ball, location: 2F 3-2: Foul Ball, location: 2F 3-2: Base on Balls Sim Damit to second
|
|
Batting: RHB Paul Holland
|
0-0: Swinging Strike 0-1: Ball 1-1: Swinging Strike 1-2: Foul Ball, location: 2F 1-2: Strikes out swinging
|
| Bottom of the 8th over - 0 runs, 0 hits, 0 errors, 2 left on base; Canton 1 - Windy City 0 |
| TOP OF THE 9TH |
|
Canton Indians batting - Pitching for Windy City ThunderBolts : RHP Jesse Kuhlman
|
|
Pitching: LHP Dane Preston
|
|
|
Batting: RHB Ryan Paquette
|
0-0: SINGLE (Groundball, 6S, EV 68.1 MPH) (infield hit)
|
|
Batting: RHB Willie Toral
|
0-0: Called Strike 0-1: SINGLE (Groundball, 34D, EV 108.8 MPH) Ryan Paquette to second Throwing error, E9 Ryan Paquette scores Willie Toral to second
|
|
Batting: RHB Jesus Sanchez
|
0-0: Intentional Walk
|
|
Batting: SHB Jose Abreu
|
0-0: Ball 1-0: Called Strike 1-1: Swinging Strike 1-2: Foul Ball, location: 2F 1-2: Strikes out swinging
|
|
Pinch Hitting: LHB Dorian Oram
|
0-0: Foul Ball, location: 2F 0-1: Foul Ball, location: 2F 0-2: Ball 1-2: Ball 2-2: SINGLE (Line Drive, 8RS, EV 100.0 MPH) Willie Toral to third Jesus Sanchez to second Runner from 3rd tries for Home, SAFE, throw by CF to home
|
|
Batting: RHB Oscar Hernandez
|
0-0: Called Strike 0-1: Foul Ball, location: 2F 0-2: Ball 1-2: Strikes out swinging
|
|
Batting: RHB Jose Lebron
|
0-0: Called Strike 0-1: Fly out, F8 (Flyball, 89M, EV 82.5 MPH)
|
| Top of the 9th over - 2 runs, 3 hits, 1 error, 2 left on base; Canton 3 - Windy City 0 |
| BOTTOM OF THE 9TH |
|
Windy City ThunderBolts batting - Pitching for Canton Indians : RHP Ryan Perkins
|
|
Pitching: RHP Abdul-Wadud Mazin
|
|
|
Now in LF: Jonathan Johnstad
|
|
|
Batting: RHB Eddie Dimas
|
0-0: Ball 1-0: Called Strike 1-1: Ball 2-1: Swinging Strike 2-2: Strikes out swinging
|
|
Batting: RHB Joe Thomas
|
0-0: Called Strike 0-1: Ball 1-1: Ground out 4-3 (Groundball, 4, EV 81.2 MPH)
|
|
Batting: RHB Donovan Deason
|
0-0: Ball 1-0: Foul Ball, location: 2F 1-1: Fly out, F8 (Flyball, 8RD, EV 101.9 MPH)
|
| Bottom of the 9th over - 0 runs, 0 hits, 0 errors, 0 left on base; Canton 3 - Windy City 0 |
|